 Dungeon Crawl Stone Soup version 0.31-a0-115-g4708a659fe (webtiles) character file.

Game seed: 5066106106228833196

162568 holysushi the Spry (level 17, 115/115 HPs)
             Began as an Octopode Monk on May 30, 2023.
             Was an Initiate of Gozag.
             Quit the game on level 10 of the Dungeon.
             The game lasted 01:12:51 (33232 turns).

holysushi the Spry (Octopode Monk)                 Turns: 33232, Time: 01:12:51

Health: 115/115    AC:  9    Str: 11    XL:     17   Next: 81%
Magic:  17/17      EV: 59    Int: 13    God:    Gozag
Gold:   2583       SH:  8    Dex: 33    Spells: 16/16 levels left

rFire   . . .        b - +1 rapier (speed)
rCold   . . .        S - +2 buckler {reflect}
rNeg    . . .        X - +0 hat
rPois   .            h - amulet of regeneration
rElec   .            i - +5 ring of evasion
rCorr   .            C - ring of willpower
SInv    .            J - +6 ring of dexterity
Will    ++...        s - +5 ring of evasion
Stlth   +++++++++    M - ring of the Tortoise {AC+8}
HPRegen 1.19/turn    E - +5 ring of evasion
MPRegen 0.15/turn    R - +5 ring of evasion
                     c - +6 ring of dexterity

%: reflection
@: no status effects
A: almost no armour, amphibious, 8 rings, camouflage 1, gelatinous body 1,
(nimble swimmer 1), tentacles
a: Renounce Religion, Potion Petition, Call Merchant, Bribe Branch


You were on level 10 of the Dungeon.
You worshipped Gozag.
Gozag was most pleased with you.
You visited 6 branches of the dungeon, and saw 27 of its levels.
You visited 1 bazaar.
You also visited: Ice Cave.

You collected 12373 gold pieces.
You spent 4891 gold pieces at shops.
You paid 4899 gold pieces to Gozag.

Inventory:

Hand Weapons
 a - the +7 Spriggan's Knife {stab, EV+4 Stlth+}
   (You acquired it on level 2 of the Orcish Mines)

   Stab:      It is more effective when stabbing unaware enemies, sometimes
   treating them as though they were completely helpless.
   EV:        It affects your evasion (+4).
   Stlth:     It makes you more stealthy.
 b - a +1 rapier of speed (weapon)
 e - the +4 rapier "Leviticus" {vamp, rElec rC+ Str-2 SInv}
   (You acquired it on level 2 of the Dungeon)

   Str:       It affects your strength (-2).
   rC:        It protects you from cold.
   rElec:     It insulates you from electricity.
   SInv:      It lets you see invisible.
 N - a +5 dagger of chaos
 V - the +8 falchion of Destruction {freeze, *Noise rElec Dex+6}
   (You took it off a deep elf death mage on level 3 of the Elven Halls)

   Dex:       It affects your dexterity (+6).
   rElec:     It insulates you from electricity.
   *Noise:    It may make noises in combat.
Missiles
 n - 2 throwing nets (quivered)
Armour
 S - a +2 buckler of reflection (worn)
 X - a +0 hat (worn)
Jewellery
 c - a +6 ring of dexterity (on tentacle)
 g - an amulet of guardian spirit
 h - an amulet of regeneration (around mantle)
 i - a +5 ring of evasion (left tentacle)
 j - an amulet of the acrobat
 s - a +5 ring of evasion (on tentacle)
 C - a ring of willpower (right tentacle)
 E - a +5 ring of evasion (on tentacle)
 J - a +6 ring of dexterity (on tentacle)
 M - the ring of the Tortoise (on tentacle) {AC+8}
   (You bought it in a shop on level 10 of the Dungeon)

   [ring of protection]

   AC:        It affects your AC (+8).
 R - a +5 ring of evasion (on tentacle)
 U - a ring of see invisible
 W - a ring of willpower
 Z - a ring of protection from fire
Wands
 q - a wand of polymorph (12)
 y - a wand of charming (33)
 B - a wand of flame (59)
 G - a wand of mindburst (32)
 H - a wand of quicksilver (10)
 P - a wand of digging (8)
 Y - a wand of roots (6)
Scrolls
 d - 4 scrolls of fear
 f - 5 scrolls of teleportation
 l - 4 scrolls of amnesia
 m - 2 scrolls of blinking
 t - 2 scrolls of poison
 u - 7 scrolls of enchant armour
 v - 4 scrolls of identify
 O - 3 scrolls of immolation
 Q - a scroll of summoning
 T - 5 scrolls of fog
Potions
 k - 4 potions of attraction
 o - 8 potions of brilliance
 p - 5 potions of mutation
 r - 5 potions of heal wounds
 w - 9 potions of curing
 x - a potion of cancellation
 z - 7 potions of haste
 A - 4 potions of might
 D - 2 potions of invisibility
 F - 3 potions of enlightenment
 I - a potion of ambrosia
 K - a potion of magic
 L - 3 potions of lignification


   Skills:
 - Level 10.0 Fighting
 + Level 16.9 Short Blades
 - Level 20.7 Dodging
 + Level 19.3 Stealth
 - Level 1.0 Shields
 - Level 6.0 Evocations


You had 16 spell levels left.
You didn't know any spells.
Your spell library contained the following spells:

 Spells                   Type           Power      Damage    Failure   Level
 Magic Dart               Conj           0%         1d3       41%         1
 Sandblast                Erth           0%         2d4       41%         1
 Call Imp                 Summ           0%         N/A       56%         2
 Passwall                 Tmut/Erth      0%         N/A       56%         2
 Poisonous Vapours        Pois/Air       0%         N/A       56%         2
 Sublimation of Blood     Necr           0%         N/A       56%         2
 Wereblood                Tmut           0%         N/A       56%         2
 Frozen Ramparts          Ice            0%         1d1       80%         3
 Hailstorm                Conj/Ice       0%         3d3       80%         3
 Inner Flame              Hex/Fire       0%         N/A       80%         3
 Mephitic Cloud           Conj/Pois/Air  0%         N/A       80%         3
 Ozocubu's Armour         Ice            0%         N/A       80%         3
 Stone Arrow              Conj/Erth      0%         3d7       80%         3
 Vhi's Electric Charge    Tloc/Air       0%         N/A       80%         3
 Volatile Blastmotes      Fire/Tloc      0%         2d10      80%         3
 Fulminant Prism          Conj/Hex       0%         3d5       99%         4
 Ice Form                 Ice/Tmut       0%         N/A       99%         4
 Iskenderun's Mystic Bla  Conj/Tloc      0%         2d3       99%         4
 Summon Ice Beast         Ice/Summ       0%         N/A       99%         4
 Summon Lightning Spire   Summ/Air       0%         N/A       99%         4
 Arcjolt                  Conj/Air       0%         1d10      100%        5
 Blade Hands              Tmut           0%         N/A       100%        5
 Freezing Cloud           Conj/Ice/Air   0%         6-21      100%        5
 Iskenderun's Battlesphe  Conj           0%         2d6       100%        5
 Lee's Rapid Deconstruct  Erth           0%         3d4*      100%        5
 Metabolic Englaciation   Hex/Ice        0%         N/A       100%        5
 Yara's Violent Unravell  Hex/Tmut       0%         3d3       100%        5
 Conjure Ball Lightning   Conj/Air       0%         3x3d6     100%        6
 Leda's Unmaking          Conj/Erth      0%         9d1       100%        6
 Plasma Beam              Fire/Air       0%         2x1d11    100%        6
 Starburst                Conj/Fire      0%         6d3       100%        6
 Enfeeble                 Hex            0%         N/A       100%        7
 Haunt                    Necr/Summ      0%         N/A       100%        7
 Orb of Destruction       Conj           0%         9d5       100%        7
 Ozocubu's Refrigeration  Ice            0%         4d7       100%        7
 Spellforged Servitor     Conj/Summ      0%         N/A       100%        7
 Storm Form               Tmut/Air       0%         N/A       100%        7
 Summon Hydra             Summ           0%         N/A       100%        7
 Discord                  Hex            0%         N/A       100%        8
 Disjunction              Tloc           0%         N/A       100%        8
 Infestation              Necr           0%         N/A       100%        8
 Lehudib's Crystal Spear  Conj/Erth      0%         10d2      100%        8
 Maxwell's Capacitive Co  Air            0%         ∞         100%        8
 Animate Armour           Summ/Erth      Unusable   N/A       N/A         4
 Animate Dead             Necr           Unusable   N/A       N/A         4
 Simulacrum               Ice/Necr       Unusable   N/A       N/A         6

Dungeon Overview and Level Annotations

Branches:
Dungeon (15/15) Zot: 25904  Temple (1/1) D:5 Zot: 5765    Lair (5/5) D:9 Zot: 23453
  Swamp (0/4) Lair:3        Snake (0/4) Lair:2        Slime (0/5) Lair:5
    Orc (2/2) D:10 Zot: 9952     Elf (3/3) Orc:2 Zot: 14108  Vaults (0/5) D:14
 Depths (1/4) D:15 Zot: 5994   IceCv (visited)

Altars:
Ashenzari
Cheibriados
Dithmenos
Elyvilon
Fedhas
Gozag
Hepliaklqana
Kikubaaqudgha
Makhleb
Nemelex Xobeh
Okawaru
Qazlal
Ru
Sif Muna
Trog
Uskayaw
Vehumet
Wu Jian
Xom
Yredelemnul
Zin
The Shining One
Jiyva
Lugonu

Shops:
D:4 =((=   D:7 *   D:10 =   D:14 =   D:15 (   Orc:1 [   Orc:2 *=([?   Elf:2 *
Lair:1 =   Depths:1 =

Portals:
Abyss: Lair:5*

Annotations:
Lair:2 exclusion: ice statue
Lair:3 2 transporters, Rudyous's ghost, journeyman DgCj
Elf:2 3 runed translucent doors


Innate Abilities, Weirdness & Mutations

You cannot wear most types of armour.
You are amphibious.
You can wear up to eight rings at the same time.
Your skin changes colour to match your surroundings (Stealth+).
Your rubbery body absorbs attacks. (AC +1, EV +1)
((You are camouflaged when in or above water. (Stealth+)))
You have tentacles for arms and can constrict up to eight enemies at once.


Message History

a - the +7 Spriggan's Knife (weapon)
{stab, EV+4 Stlth+} Your tentacles tingle!
b - a +1 rapier of speed (weapon)
a - the +7 Spriggan's Knife (weapon)
{stab, EV+4 Stlth+} Your tentacles tingle!
b - a +1 rapier of speed (weapon)
You feel agile.
The +8 falchion of Destruction {freeze, *Noise rElec Dex+6} glows with a cold blue light!
V - the +8 falchion of Destruction (weapon)
{freeze, *Noise rElec Dex+6}
There is a stone staircase leading down here.
The +8 falchion of Destruction {freeze, *Noise rElec Dex+6} stops glowing.
Your tentacles tingle!
b - a +1 rapier of speed (weapon)
There is a stone staircase leading down here.
(D) Dungeon (T) Temple (L) Lair (S) Swamp (P) Snake Pit (M) Slime Pits (O) Orcish Mines (E) Elven Halls (V) Vaults (U) Depths
Where to? (Enter - Elf:1, ? - help)
You see here a +0 long sword.
There is a staircase back to the Mines here.
You see here 2 potions of degeneration.
You climb upwards.
Welcome back to the Orcish Mines!
There is a staircase to the Elven Halls here.
Things that are here:
a +0 chain mail; a +0 battleaxe
(D) Dungeon (T) Temple (L) Lair (S) Swamp (P) Snake Pit (M) Slime Pits (O) Orcish Mines (E) Elven Halls (V) Vaults (U) Depths
Where to? (Enter - Orc:2, ? - help)
There is a stone staircase leading up here.
You climb upwards.
There is a stone staircase leading down here.
(D) Dungeon (T) Temple (L) Lair (S) Swamp (P) Snake Pit (M) Slime Pits (O) Orcish Mines (E) Elven Halls (V) Vaults (U) Depths
Where to? (Enter - Orc:1, ? - help)
There is a staircase back to the Dungeon here.
You climb upwards.
Welcome back to the Dungeon!
There is a staircase to the Orcish Mines here.
Are you sure you want to abandon this character and quit the game? (Confirm with "yes".)

...###.[...........<...##
##.###..............#.##
####.<.....#.....#..###
#####.....###.......##
.##.....[............#
............#.[......# ###
.....#......[.......## #.##
#########..#........# ###..#####
P.P.P.P.####...[@...###......#.##
........# ##....[.....#..##.....#
......).# #..........#....#.....#
.P.P.P..###..........#.......#.##
#######'#.<................#####
........###................#
...[....#.##..............##
........#..##.............#
........#.##.......#.#...##


There were no monsters in sight!

Vanquished Creatures
  2 deep elf blademasters (Elf:3)
  2 deep elf master archers (Elf:3)
  Gastronok (Lair:3)
  4 deep elf sorcerers
  4 deep elf elementalists
  A reaper (IceCv)
  An orc warlord (Orc:2)
  A dire elephant (D:15)
  5 deep elf demonologists (Elf:3)
  6 deep elf annihilators (Elf:3)
  4 deep elf death magi (Elf:3)
  Josephine (D:11)
  A deep elf high priest (Elf:3)
  4 vault guards (D:14)
  Fannar (Lair:3)
  An ice dragon (Lair:2)
  An ogre mage (D:10)
  2 catoblepae
  4 hydras
  3 centaur warriors
  5 boulder beetles
  3 tengu warriors
  4 two-headed ogres
  20 dancing weapons
  An orc high priest (Orc:2)
  2 thrashing horrors (Lair:5)
  6 death yaks (Lair:5)
  4 deep elf knights
  Nergalle (D:11)
  4 skeletal warriors (D:15)
  3 skysharks
  A fire crab (D:10)
  A fire crab (shapeshifter) (D:14)
  6 deep elf archers
  5 orc knights
  2 wizards
  24 deep elf pyromancers
  A lindwurm (Lair:4)
  An oklob plant (Lair:5)
  A salamander (D:15)
  13 ugly things
  A wolf spider (D:15)
  22 deep elf zephyrmancers
  4 orc sorcerers (Orc:2)
  10 cyclopes
  2 manticores
  6 black mambas
  10 elephants
  An ice statue (IceCv)
  A black mamba (shapeshifter) (Lair:5)
  Maurice (D:13)
  2 smoke demons (Lair:5)
  A gargoyle (D:13)
  Psyche (D:11)
  Maggie (D:7)
  2 unseen horrors
  2 rime drakes
  10 cane toads
  7 komodo dragons
  An efreet (D:14)
  A tengu conjurer (D:13)
  An ice devil (IceCv)
  An ancient zyme (Lair:5)
  5 trolls
  2 hornets
  2 polar bears (Lair:5)
  A wind drake (shapeshifter) (D:14)
  31 blink frogs
  5 dream sheep (Lair:5)
  22 slime creatures
  A shadow (D:11)
  11 wraiths
  10 wyverns
  A vampire (D:13)
  2 dire elephant simulacra (IceCv)
  48 yaks
  A spriggan (Lair:5)
  3 water elementals
  A ynoxinul (Lair:5)
  8 basilisks
  A human (shapeshifter) (D:14)
  2 chaos spawn (Lair:5)
  3 fire elementals
  3 steam dragons
  17 vampire mosquitoes
  3 death yak simulacra (IceCv)
  Edmund (D:6)
  14 water moccasins
  A hydra simulacrum (IceCv)
  Duvessa (D:7)
  5 acid dragons
  3 sky beasts
  7 ice beasts
  A swamp drake (Orc:1)
  A large abomination (Lair:5)
  26 orc warriors
  A black bear (D:7)
  8 ogres
  25 wolves
  9 centaurs
  11 small abominations (Lair:5)
  3 kobold brigands
  Blork the orc (D:4)
  3 gnoll sergeants
  3 scorpions
  2 earth elementals (Elf:1)
  9 bullfrogs
  A cane toad simulacrum (IceCv)
  8 two-headed ogre simulacra (IceCv)
  8 wights
  Dowan (D:7)
  3 elephant simulacra (IceCv)
  22 killer bees
  An electric eel (D:15)
  A crimson imp (Orc:1)
  5 jellies
  Crazy Yiuf (D:7)
  5 hounds
  16 orc priests
  An iron imp (Orc:1)
  3 sleepcaps
  3 iguanas (D:6)
  25 orc wizards
  5 hell rats (Lair:5)
  A polar bear simulacrum (IceCv)
  2 spriggan simulacra (IceCv)
  6 troll simulacra (IceCv)
  3 wolf simulacra (IceCv)
  19 gnolls
  5 adders
  4 naga simulacra (IceCv)
  5 shadow imps
  10 white imps
  11 ufetubi
  2 worms
  2 dart slugs
  55 orcs
  3 ball pythons
  5 bats
  26 endoplasms
  4 giant cockroaches
  7 goblins
  8 hobgoblins
  5 jackals
  12 kobolds
  A quokka (D:3)
  3 frilled lizards
  3 rats
  A lurking horror (Lair:5)
875 creatures vanquished.

Vanquished Creatures (others)
  A polar bear (Lair:2)
  A vampire mosquito (D:14)
2 creatures vanquished.

Grand Total: 877 creatures vanquished

Notes
Turn   | Place    | Note
-------+----------+-------------------------------------------
     0 | D:1      | holysushi the Octopode Monk began the quest for the Orb.
     0 | D:1      | Reached XP level 1. HP: 16/16 MP: 1/1
   187 | D:1      | Reached XP level 2. HP: 21/21 MP: 2/2
   475 | D:1      | You fall into a shaft and drop 1 floor!
   475 | D:2      | Found a radiant altar of Vehumet.
   573 | D:2      | Reached XP level 3. HP: 24/26 MP: 3/3
  1155 | D:2      | Identified a scroll of acquirement
  1155 | D:2      | Acquired the +4 rapier "Leviticus" {vamp, rElec rC+ Str-2
                  | SInv}
  1225 | D:3      | Found a stormy altar of Qazlal.
  1265 | D:3      | Reached XP level 4. HP: 30/31 MP: 4/4
  1270 | D:3      | Reached skill level 5 in Short Blades
  1557 | D:3      | Reached XP level 5. HP: 36/36 MP: 5/5
  1990 | D:4      | Found a white marble altar of Elyvilon.
  1990 | D:4      | Noticed Blork the orc
  1999 | D:4      | Killed Blork the orc
  2038 | D:4      | Reached XP level 6. HP: 42/42 MP: 6/6
  2078 | D:4      | Found Buonoy's Antique Weapon Boutique.
  2080 | D:4      | Found Ugaarih's Weapon Boutique.
  2081 | D:4      | Found Rulaf's Jewellery Boutique.
  2110 | D:4      | Found Ileemnun's Jewellery Shop.
  2336 | D:4      | Reached XP level 7. HP: 46/46 MP: 7/7
  2738 | D:5      | Entered Level 5 of the Dungeon
  3072 | D:5      | Found a staircase to the Ecumenical Temple.
  3110 | Temple   | Entered the Ecumenical Temple
  3460 | D:5      | Found a sacrificial altar of Ru.
  3524 | D:5      | Found an opulent altar of Gozag.
  3543 | D:5      | Became a worshipper of Gozag Ym Sagoz the Greedy
  3805 | D:6      | Reached XP level 8. HP: 52/52 MP: 8/8
  3894 | D:6      | Found a hazy altar of Hepliaklqana.
  4297 | D:6      | Reached skill level 10 in Short Blades
  4404 | D:6      | Noticed Edmund
  4413 | D:6      | Killed Edmund
  4790 | D:7      | Reached XP level 9. HP: 53/56 MP: 9/9
  4995 | D:7      | Noticed Duvessa
  4995 | D:7      | Noticed Dowan
  5001 | D:7      | Killed Dowan
  5012 | D:7      | Killed Duvessa
  5129 | D:7      | Found Vaff's Fire Supplies.
  5136 | D:7      | Noticed Maggie
  5153 | D:7      | Killed Maggie
  5207 | D:4      | Bought a +5 ring of evasion for 396 gold pieces
  5669 | D:7      | Reached XP level 10. HP: 63/63 MP: 10/10
  5804 | D:7      | Found a runed translucent door.
  5805 | D:7      | Noticed Crazy Yiuf
  5813 | D:7      | Killed Crazy Yiuf
  5982 | D:8      | Reached skill level 1 in Stealth
  5989 | D:8      | Reached skill level 4 in Dodging
  6425 | D:8      | Reached skill level 1 in Shields
  6960 | D:8      | Reached skill level 5 in Dodging
  7527 | D:9      | Noticed a cyclops
  7541 | D:9      | Killed a cyclops
  7542 | D:9      | Reached skill level 6 in Dodging
  7611 | D:9      | Found a broken altar of Ashenzari.
  7639 | D:9      | Noticed an unseen horror
  7656 | D:9      | Reached skill level 7 in Dodging
  7702 | D:9      | Reached skill level 8 in Dodging
  7739 | D:9      | Killed an unseen horror
  7765 | D:9      | Noticed a two-headed ogre
  7767 | D:9      | Found a radiant altar of Vehumet.
  7795 | D:9      | Killed a two-headed ogre
  7796 | D:9      | Reached skill level 9 in Dodging
  7796 | D:9      | Reached XP level 11. HP: 67/67 MP: 11/11
  7826 | D:9      | Found a staircase to the Lair.
  7869 | D:9      | Acquired 1128 gold pieces
  7874 | Lair:1   | Entered Level 1 of the Lair of Beasts
  8006 | D:9      | Reached skill level 10 in Dodging
  8291 | D:10     | Entered Level 10 of the Dungeon
  8459 | D:10     | Noticed a two-headed ogre
  8474 | D:10     | Killed a two-headed ogre
  8517 | D:10     | Found a staircase to the Orcish Mines.
  8665 | D:10     | Reached skill level 5 in Stealth
  8793 | D:10     | Noticed a cyclops
  8796 | D:10     | Killed a cyclops
  8837 | D:10     | Noticed a two-headed ogre
  8848 | D:10     | Killed a two-headed ogre
  8875 | D:10     | Reached skill level 11 in Dodging
  9059 | D:10     | Bought the ring of the Tortoise {AC+8} for 1664 gold pieces
  9059 | D:10     | Found the ring of the Tortoise {AC+8}
  9080 | D:11     | Noticed Psyche
  9087 | D:11     | Killed Psyche
  9101 | D:11     | Noticed a cyclops
  9117 | D:11     | Killed a cyclops
  9255 | D:11     | Noticed Josephine
  9266 | D:11     | Killed Josephine
  9305 | D:11     | Reached skill level 12 in Dodging
  9379 | D:11     | Noticed a cyclops
  9386 | D:11     | Killed a cyclops
  9395 | D:11     | Noticed Nergalle
  9423 | D:11     | Killed Nergalle
  9424 | D:11     | Reached XP level 12. HP: 68/72 MP: 12/12
  9768 | D:10     | Reached skill level 13 in Dodging
  9779 | D:10     | Noticed an ogre mage
  9794 | D:10     | Killed an ogre mage
 10152 | D:11     | Reached skill level 14 in Dodging
 10639 | Lair:1   | Reached skill level 15 in Dodging
 11029 | Lair:1   | Noticed a catoblepas
 11459 | Lair:1   | Reached XP level 13. HP: 77/77 MP: 13/13
 12438 | Lair:1   | Bought a +5 ring of evasion for 612 gold pieces
 12620 | Lair:2   | Noticed an ice dragon
 12697 | Lair:2   | Killed an ice dragon
 12698 | Lair:2   | Reached skill level 16 in Dodging
 12741 | Lair:2   | Reached skill level 1 in Evocations
 12741 | Lair:2   | Found a staircase to the Snake Pit.
 13063 | Lair:3   | Found a transporter.
 13090 | Lair:3   | You fall into a shaft and drop 2 floors!
 13090 | Lair:5   | Entered Level 5 of the Lair of Beasts
 13147 | Lair:5   | Reached skill level 10 in Stealth
 13242 | Lair:5   | Reached skill level 5 in Fighting
 13545 | Lair:5   | Found a corrupted altar of Lugonu.
 13545 | Lair:5   | Found a one-way gate to the infinite horrors of the Abyss.
 13850 | Lair:5   | Reached XP level 14. HP: 88/88 MP: 14/14
 13939 | Lair:5   | Reached skill level 17 in Dodging
 14264 | Lair:5   | Found a viscous altar of Jiyva.
 14264 | Lair:5   | Found a staircase to the Slime Pits.
 14368 | Lair:5   | Found a corrupted altar of Lugonu.
 15423 | Lair:4   | Reached skill level 18 in Dodging
 16486 | Lair:3   | Found a staircase to the Swamp.
 16604 | Lair:3   | Reached skill level 19 in Dodging
 16770 | Lair:3   | Noticed Fannar
 16794 | Lair:3   | Killed Fannar
 16795 | Lair:3   | Reached XP level 15. HP: 92/92 MP: 15/15
 16902 | Lair:3   | Noticed Rudyous's ghost (journeyman DgCj)
 16947 | Lair:3   | Noticed Gastronok
 16982 | Lair:3   | Killed Gastronok
 17116 | Lair:3   | Found a transporter.
 17640 | Orc:1    | Entered Level 1 of the Orcish Mines
 18008 | Orc:1    | Found Usupycw's Antique Armour Boutique.
 18387 | Orc:1    | Identified the +2 hat of Mookku {Rampage +Inv rF- Will-}
 18671 | Orc:2    | Entered Level 2 of the Orcish Mines
 18672 | Orc:2    | Found a staircase to the Elven Halls.
 18685 | Orc:2    | Noticed an orc warlord
 18885 | Orc:2    | Acquired the +7 Spriggan's Knife {stab, EV+4 Stlth+}
 18885 | Orc:2    | Found the +7 Spriggan's Knife {stab, EV+4 Stlth+}
 18937 | Orc:2    | Killed an orc warlord
 18938 | Orc:2    | Reached skill level 20 in Dodging
 19071 | Orc:2    | Found Zozoat's Antique Armour Shoppe.
 19078 | Orc:2    | Found Himofuf's Antique Weapon Shoppe.
 19098 | Orc:2    | Found a frozen archway.
 19123 | IceCv    | Entered an ice cave
 23819 | Orc:2    | Found Ofixoisel's Jewellery Shoppe.
 23836 | Orc:2    | Found Vizomuid's General Store.
 23842 | Orc:2    | Bought a scroll of teleportation for 36 gold pieces
 23842 | Orc:2    | Bought a scroll of fog for 48 gold pieces
 23973 | Orc:2    | Bought a scroll of teleportation for 36 gold pieces
 23973 | Orc:2    | Bought a scroll of blinking for 90 gold pieces
 25164 | D:12     | Identified the ring of the Median {AC+4 Str+3 Int+3 Dex-3}
 25659 | D:13     | Noticed Maurice
 25668 | D:13     | Killed Maurice
 26515 | D:14     | Reached skill level 15 in Stealth
 26714 | D:14     | Found Plog's Jewellery Emporium.
 26733 | D:14     | Bought a +6 ring of dexterity for 576 gold pieces
 26733 | D:14     | Bought a +5 ring of evasion for 576 gold pieces
 26911 | D:14     | Found an iron altar of Okawaru.
 26925 | D:14     | Reached XP level 16. HP: 101/101 MP: 16/16
 27126 | D:14     | Found a gate to the Vaults.
 27775 | D:15     | Entered Level 15 of the Dungeon
 28163 | D:15     | Reached skill level 15 in Short Blades
 28434 | D:15     | Found a staircase to the Depths.
 28736 | Depths:1 | Entered Level 1 of the Depths
 28739 | Depths:1 | Bought a +6 ring of dexterity for 468 gold pieces
 28937 | Elf:1    | Entered Level 1 of the Elven Halls
 29402 | Elf:1    | Found a flickering gateway to a bazaar.
 29440 | Bazaar   | Entered a bazaar
 29440 | Bazaar   | Found Lotramol's Antique Weapon Shop.
 29452 | Bazaar   | Found Nacacudo's Antique Armour Shop.
 29478 | Bazaar   | Found Nowed's Distillery.
 29486 | Bazaar   | Bought a potion of haste for 90 gold pieces
 29486 | Bazaar   | Bought a potion of heal wounds for 45 gold pieces
 29486 | Bazaar   | Bought a potion of haste for 90 gold pieces
 29486 | Bazaar   | Bought a potion of might for 36 gold pieces
 29586 | Elf:1    | Got the Compilation of Arcane Weapons
 30112 | Elf:2    | Found Buzaeciss's General Store.
 30121 | Elf:2    | Bought a potion of mutation for 128 gold pieces
 30432 | Elf:2    | Reached XP level 17. HP: 109/113 MP: 17/17
 30468 | Elf:2    | Found a runed translucent gate.
 30469 | Elf:2    | Found a runed translucent gate.
 30469 | Elf:2    | Found a runed translucent gate.
 30641 | Elf:2    | Acquired 1082 gold pieces
 31103 | Elf:3    | Entered Level 3 of the Elven Halls
 31245 | Elf:3    | Reached skill level 5 in Evocations
 31403 | Elf:3    | Noticed a deep elf blademaster
 31403 | Elf:3    | Noticed a deep elf blademaster
 31852 | Elf:3    | Killed a deep elf blademaster
 31875 | Elf:3    | Reached skill level 10 in Fighting
 32134 | Elf:3    | Noticed a deep elf master archer
 32148 | Elf:3    | Killed a deep elf master archer
 32223 | Elf:3    | Killed a deep elf blademaster
 32280 | Elf:3    | Identified the +8 falchion of Destruction {freeze, *Noise
                  | rElec Dex+6}
 32280 | Elf:3    | Identified the +11 flail of Xom {freeze, Fly rF+ Int-3
                  | Stlth+}
 32337 | Elf:3    | Identified the +6 trident "Wimioguf" {antimagic, *Noise
                  | Will- Int+8}
 32350 | Elf:3    | Noticed a Brimstone Fiend
 32413 | Elf:3    | HP: 4/115 [hellion/damnation[a deep elf demonologist] (22)]
 32712 | Elf:3    | Identified the +10 chain mail "Loekhler" {Str+3}
 32712 | Elf:3    | Noticed a deep elf master archer
 32740 | Elf:3    | Killed a deep elf master archer
 33008 | Elf:3    | Identified the +0 pair of gloves of Marbles {rF+}
 33017 | Elf:3    | Identified the +7 arbalest "Demonbane" {penet, rElec}
 33232 | D:10     | Quit the game

Illustrated notes

Levels and vault maps discovered:
D:1:      minmay_arrival_four_loops, layout_loops_ring, serial_shops,
          nicolae_shop_window_shopping
D:2:      layout_basic, basic_altar
D:3:      layout_basic, mainiacjoe_overflow_alcove_2, kennysheep_generic_room_6
D:4:      layout_loops_ring, elyvilon_altar_4, serial_shops,
          nicolae_shop_tiny_glass, nicolae_shop_distant_corner_stores,
          st_stairs_13, uniq_blork_the_orc
D:5:      layout_rooms, mainiacjoe_overflow_catch_the_wave, temple_doors_e,
          serial_demonic, serial_demonic_g, serial_demonic_g, serial_demonic_g,
          serial_demonic_d
D:6:      layout_basic, mainiacjoe_overflow_cross_hatched, minmay_puff,
          uniq_edmund
D:7:      layout_basic, serial_rivers, chequers_serial_rivers_micro_c,
          chequers_serial_rivers_micro_d, chequers_serial_rivers_micro_e,
          chequers_serial_rivers_small_3, chequers_serial_rivers_micro_b,
          nicolae_shop_fire_sale [nicolae_sub_dead_trees], minmay_statues_item,
          minmay_misc_feat_room, uniq_crazy_yiuf_cottage, uniq_maggie,
          uniq_duvessa
D:8:      layout_layer_cave
D:9:      layout_cave_pools, evilmike_ruin_ashenzari, vehumet_altar_wand_db,
          serial_park, serial_park_square1 [serial_park_minivault_5x5_3],
          serial_park_gazebo [serial_park_minivault_5x5_2], serial_park_square3
          [serial_park_minivault_5x5_6]
D:10:     minmay_klotski, layout_cave_pools, orc_david_3, lightli_minifort
D:11:     layout_irregular_city, chequers_serial_rivers_micro_c, uniq_josephine,
          uniq_nergalle, uniq_psyche
D:12:     layout_cave_pools
D:13:     layout_stronghold, uniq_maurice
D:14:     layout_stronghold, lightli_vaults_fourway_checkpoint,
          okawaru_gym_becter, serial_shops, shop
D:15:     hangedman_depths_entry_try_elsewhere_first, layout_loops_ring,
          serial_bayou_ford_a
Temple:   regret_index_temple_generic_petals
Lair:1:   layout_layer_cave, lemuel_fruit_fields
Lair:2:   lemuel_slime, layout_chaotic_city, dummy_snake_entry, minivault_23,
          ice2_lemuel
Lair:3:   layout_hall_layers, minmay_swamp_entry_swarm, gammafunk_ghost_arena,
          beast_lair_carwin_11, uniq_gastronok, uniq_fannar
Lair:4:   layout_long_grid, lemuel_fruit_fields, grunt_megastairs_2
Lair:5:   hellmonk_lair_end_abyssal_woods, layout_cellular_growth,
          slime_entry_1, amcnicky_altar_lugonu_corruption, grunt_megastairs_4,
          infiniplex_staircase_pool_2, serial_bayou_shore_b
Orc:1:    layout_caves, serial_shops, shop, nicolae_orc_lava_tube,
          hangedman_minor_magic
Orc:2:    grunt_orc_cross, layout_diamond_mine, portal_ice_cave_entry_pillars_2
Elf:1:    eino_elf_arrival_shootout, layout_geoelf_octagon, serial_shops,
          bzr_entry_gold, minmay_elf_annihilation, wad_dig_loot
Elf:2:    nicolae_elf_blades_crystal_corner, layout_onion_city, serial_shops,
          shop_fountains, small_chamber_with_monster
Elf:3:    elf_hall, layout_loops_cross
Depths:1: layout_gridlike, nicolae_hell_entry_hellmouth_sunbeams,
          minmay_misc_feat_columns, serial_shops,
          nicolae_shop_bloodbath_and_beyond, lightli_fourway_metalbox

Skill      XL: |  1  2  3  4  5  6  7  8  9 10 11 12 13 14 15 16 17 |
---------------+----------------------------------------------------+-----
Short Blades   | 4 5 6 7 9 11 13 14 15 16 | 16.9
Stealth        | 4 7 12 14 15 17 19 | 19.3
Dodging        | 9 12 15 16 19 20 | 20.7
Shields        | 1 |  1.0
Fighting       | 5 6 9 10 | 10.0
Evocations     | 3 6 |  6.0

Action                     |  1- 3 |  4- 6 |  7- 9 | 10-12 | 13-15 | 16-18 || total
---------------------------+-------+-------+-------+-------+-------+-------++-------
  Melee: Short sword       |    66 |       |       |       |       |       ||    66
         Constrict         |    21 |    25 |    47 |    92 |   200 |   105 ||   490
         Tentacles         |    18 |    24 |    77 |   265 |   935 |   321 ||  1640
         Rapier            |     7 |    79 |   234 |   896 |  1973 |   233 ||  3422
         Punch             |       |     1 |     3 |    19 |    52 |    19 ||    94
         Dagger            |       |       |       |       |    13 |       ||    13
         Knife             |       |       |       |       |   630 |   617 ||  1247
  Throw: Throwing net      |       |       |       |       |       |     1 ||     1
 Invoke: Call Merchant     |       |       |       |     1 |     2 |     2 ||     5
  Evoke: Wand              |       |       |       |     2 |    14 |     6 ||    22
    Use: Scroll            |     2 |       |    16 |     5 |     9 |    14 ||    46
         Potion            |       |       |       |     4 |     4 |     1 ||     9
   Stab: Sleeping          |     1 |     2 |     2 |    10 |    59 |    31 ||   105
         Distracted        |       |       |     1 |     7 |    28 |    15 ||    51
         Held in net/web   |       |       |       |       |       |     1 ||     1
 Armour: Skin              |       |     1 |     9 |    41 |   120 |    22 ||   193
  Dodge: Dodged            |    52 |    58 |   177 |   734 |  2321 |   628 ||  3970
  Block: Buckler           |       |       |       |   197 |   614 |   162 ||   973
         Reflection        |       |       |       |       |     4 |    10 ||    14

Table legend: (Time is in decaauts)
 A = Elapsed time spent in this place.
 B = Non-inter-level travel time spent in this place.
 C = Inter-level travel time spent in this place.
 D = Time resting spent in this place.
 E = Time spent auto-exploring this place.
 F = Levels seen in this place.
 G = Mean time per level.
                   A        B        C        D        E       F      G
               +--------+--------+--------+--------+--------+-----+--------+
         Total |  31133 |  29257 |   1876 |   5074 |  15523 |  29 | 1073.6 |
       Dungeon |  14282 |  13041 |   1241 |    562 |   8795 |  15 |  952.1 |
        Temple |    234 |    203 |     31 |      0 |    193 |   1 |  234.0 |
          Lair |   6546 |   6171 |    375 |    185 |   3598 |   5 | 1309.2 |
  Orcish Mines |   2047 |   1960 |     87 |    174 |   1187 |   2 | 1023.5 |
   Elven Halls |   3891 |   3751 |    140 |    811 |   1461 |   3 | 1297.0 |
        Depths |      5 |      5 |      0 |      0 |      0 |   1 |    5.0 |
        Bazaar |     59 |     59 |      0 |      0 |     43 |   1 |   59.0 |
      Ice Cave |   4064 |   4064 |      0 |   3341 |    246 |   1 | 4064.0 |
               +--------+--------+--------+--------+--------+-----+--------+

Top non-repeatable levels by time:
   IceCv: 4064 daAuts
  Lair:5: 2065 daAuts
   Elf:3: 1789 daAuts
  Lair:1: 1720 daAuts
     D:8: 1566 daAuts
    D:10: 1275 daAuts
    D:14: 1266 daAuts
    D:11: 1186 daAuts
     D:6: 1175 daAuts
   Orc:1: 1106 daAuts
   Elf:2: 1087 daAuts
   Elf:1: 1015 daAuts
  Lair:4: 970 daAuts
    D:13: 953 daAuts
    D:15: 944 daAuts
